 Dungeon Crawl Stone Soup version 0.31.0-12-g77e489cdc1 (webtiles) character file.

Game seed: 8011272552388355722

95 Bobsterar the Changeling (level 4, -3/29 HPs)
             Began as an Octopode Shapeshifter on Mar 7, 2024.
             Slain by a cerulean imp
             ... wielding a +0 spear
             ... summoned by Natasha
              (4 damage)
             ... on level 3 of the Dungeon.
             The game lasted 00:02:55 (1304 turns).

Bobsterar the Changeling (Octopode Shapeshifter)    Turns: 1304, Time: 00:02:56

Health: -3/29      AC:  1    Str: 13    XL:     4   Next: 65%
Magic:  5/5        EV: 13    Int: 12    God:
Gold:   91         SH:  0    Dex: 13    Spells: 5/5 levels left

rFire   . .          .
                       - Unarmed
rCold   . . .        (no shield)
rNeg    . . .        (helmet currently unavailable)
rPois   .            (no amulet)
rElec   .            (no ring)
rCorr   .            (no ring)
SInv    .            (no ring)
Will    .....        (no ring)
Stlth   ++           (no ring)
HPRegen 0.24/turn    (no ring)
MPRegen 0.09/turn    (no ring)
                     (no ring)

%: no passive effects
@: beast-form
A: beast (slay +2), almost no armour, amphibious, 8 rings, camouflage 1,
gelatinous body 1, (nimble swimmer 1), tentacles
a: Begin Untransformation


You were on level 3 of the Dungeon.
You were a hulking beast.
You visited 1 branch of the dungeon, and saw 3 of its levels.

You collected 91 gold pieces.

Inventory:

Talismans
 b - a beast talisman (active)
 c - a flux talisman
 j - a maw talisman
Scrolls
 e - a scroll of summoning {unknown}
 f - a scroll of enchant armour {unknown}
 g - 3 scrolls of identify {unknown}
 i - a scroll of teleportation {unknown}
Potions
 a - a potion of lignification
 h - a potion of heal wounds {unknown}
 k - a potion of enlightenment {unknown}


   Skills:
 + Level 1.9 Fighting
 + Level 2.6 Dodging
 + Level 3.4 Unarmed Combat
 + Level 1.1 Spellcasting
 * Level 3.7 Shapeshifting


You had 5 spell levels left.
You didn't know any spells.
Your spell library was empty.

Dungeon Overview and Level Annotations

Branches:
Dungeon (3/15)

Altars:
Okawaru

Annotations:
D:3 Natasha


Innate Abilities, Weirdness & Mutations

You are a hulking beast.
Your limbs bulge with bestial killing power. (Slay +2)
You cannot wear most types of armour.
You are amphibious.
You can wear up to eight rings at the same time.
Your skin changes colour to match your surroundings (Stealth+).
Your rubbery body absorbs attacks. (AC +1, EV +1)
((You are camouflaged when in or above water. (Stealth+)))
You have tentacles for arms and can constrict up to eight enemies at once.


Message History

You are too injured to fight recklessly!
You are too injured to fight recklessly!
You are too injured to fight recklessly!
You are too injured to fight recklessly!
You are too injured to fight recklessly!
You bludgeon the endoplasm!
You kill the endoplasm!
An orc comes into view. It is wielding a +0 flail.
The orc shouts!
You hear an angry hiss.
An orc priest comes into view. It is wielding a +0 flail.
You are too injured to fight recklessly!
You are too injured to fight recklessly!
The orc misses you.
Natasha, Servant of Life and Death comes into view.
Things that are here:
a +0 flail; a +0 chain mail; an orc corpse You closely miss the orc.
You grab the orc. You squeeze the orc!
You kill the orc!
Natasha casts a spell.
The cerulean imp hits you but does no damage.
There is a stone staircase leading up here.
The cerulean imp hits you from afar with a +0 spear.
A kobold comes into view. It is wielding a +0 whip.
The cerulean imp hits you but does no damage.
The orc priest closely misses you.
The kobold shouts!
You tentacle-slap the orc priest. You grab the orc priest.
The orc priest is lightly wounded.
You constrict the orc priest. The cerulean imp completely misses you.
The orc priest completely misses you.
You tentacle-slap the orc priest.
The orc priest is heavily wounded.
You constrict the orc priest. The cerulean imp misses you.
The orc priest hits you with a +0 flail!
* * * LOW HITPOINT WARNING * * *
You barely miss the orc priest.
The orc priest is severely wounded.
You constrict the orc priest.
The cerulean imp hits you from afar with a +0 spear.
You die...

##........# ....###### ..
#.#######.# #........ ...
.########.#. #...#..###....
.##.........###...#..#......
#.#.####.##.....K......#....
..†.####.# #..............
......##.####.##.#........#
....#.........##.......##.##
###.####.#######h#..#.......
#......# #o#..))....#
######## #<5..)......#
###h........# #.##...##.#
..# #### # .### .. .#


You could see an orc priest, Natasha, a cerulean imp (summoned) and a kobold.

Vanquished Creatures
  An orc priest (D:3)
  A dart slug (D:2)
  4 ribbon worms
  4 orcs (D:3)
  3 ball pythons
  8 endoplasms
  A giant cockroach (D:2)
  4 goblins
  3 hobgoblins
  4 kobolds
  2 quokkas
  7 frilled lizards
  7 rats
49 creatures vanquished.

Notes
Turn   | Place    | Note
-------+----------+-------------------------------------------
     0 | D:1      | Bobsterar the Octopode Shapeshifter began the quest for the
                  | Orb.
     0 | D:1      | Reached XP level 1. HP: 13/13 MP: 1/1
    40 | D:1      | Reached XP level 2. HP: 18/18 MP: 2/2
   610 | D:2      | Reached XP level 3. HP: 23/23 MP: 3/3
  1129 | D:3      | Found an iron altar of Okawaru.
  1218 | D:3      | Reached skill level 1 in Spellcasting
  1272 | D:3      | Reached XP level 4. HP: 22/29 MP: 5/5
  1291 | D:3      | Noticed Natasha
  1303 | D:3      | HP: 1/29 [orc priest/+0 flail (11)]
  1304 | D:3      | Slain by a cerulean imp

Illustrated notes

Levels and vault maps discovered:
D:1:      psy_arrival_dodecagon, layout_basic, feat_on_display
D:2:      layout_basic
D:3:      layout_loops_cross, okawaru_metal_pillars_1_2, uniq_natasha,
          uniq_robin

Skill      XL: |  1  2  3 |
---------------+----------+-----
Spellcasting   | 1 |  1.1
Fighting       | |  1.9
Dodging        | |  2.6
Unarmed Combat | |  3.4
Shapeshifting  | |  3.7

Action                     |  1- 3 |  4- 6 || total
---------------------------+-------+-------++-------
  Melee: Unarmed           |    90 |    13 ||   103
         Constrict         |    22 |     4 ||    26
         Tentacles         |    16 |     3 ||    19
         Punch             |     2 |       ||     2
    Use: Potion            |     1 |     1 ||     2
   Stab: Sleeping          |     8 |       ||     8
 Armour: Skin              |    26 |     9 ||    35
  Dodge: Dodged            |    54 |     8 ||    62
   Form: Beast             |     1 |       ||     1
